[Event "Chinese League Div-A Rapid 2022"]
[Site "Fuling,Chongqing"]
[Date "2022.09.18"]
[Round "10.14"]
[White "Guo, Qi"]
[Black "Chen, Yining"]
[Result "1-0"]
[ECO "D32"]
[WhiteElo "2406"]
[BlackElo "1745"]
[Annotator "ChessBase"]
[PlyCount "61"]
[EventDate "2022.09.07"]
[EventType "team-tourn"]
[EventCountry "CHN"]
[SourceTitle "playchess.com"]
[Source "ChessBase"]
[SourceQuality "1"]
[TimeControl "1500+10"]

1. d4 d5 2. c4 e6 3. Nc3 c5 4. cxd5 exd5 5. Nf3 Nc6 6. Bg5 Be7 7. Bxe7 Ngxe7 8. dxc5 Qa5 9. e3 Qxc5 10. Be2 O-O 11. O-O Bg4 12. Rc1 Qd6 13. Qa4 Bxf3 14. Bxf3 Rfd8 15. Rfd1 Qe5 16. Qb5 a6 17. Qxb7 Rdb8 18. Qd7 Qe6 19. Qxe6 fxe6 20. b3 Rd8 21. Bg4 Kf7 22. Na4 Rd6 23. Nc5 a5 24. Ne4 Rdd8 25. Ng5+ Kf6 26. Nxe6 Rd6 27. Nc5 Kf7 28. Bf3 Ne5 29. Be2 Rc8 30. Nd3 Nxd3 31. Bxd3 1-0

[Event "Chinese League Div-A Rapid 2022"]
[Site "Fuling,Chongqing"]
[Date "2022.09.18"]
[Round "10.15"]
[White "Yuan, Ye"]
[Black "Zhao, Shengxin"]
[Result "1/2-1/2"]
[ECO "E08"]
[WhiteElo "2108"]
[BlackElo "2112"]
[Annotator "TA"]
[PlyCount "86"]
[EventDate "2022.09.07"]
[EventType "team-tourn"]
[EventCountry "CHN"]
[SourceTitle "playchess.com"]
[Source "ChessBase"]
[SourceQuality "1"]
[TimeControl "1500+10"]

1. d4 Nf6 2. c4 e6 3. g3 d5 4. Bg2 Bb4+ 5. Bd2 Be7 6. Nf3 O-O 7. O-O c6 8. Qc2 Nbd7 9. Bf4 b6 10. Rd1 Bb7 11. Nc3 dxc4 {[%emt 0:00:24] The position is equal.} 12. Nd2 {[%emt 0:00:30] E08: Closed Catalan: Main Line: 7 Qc2.} Nd5 13. Nxc4 Nxf4 14. gxf4 Qc7 15. e3 Rac8 16. Rac1 Rfd8 17. a3 a5 18. Qe4 Ba6 19. Ne5 Nxe5 20. fxe5 Bc4 21. Qg4 Bb3 22. Rd3 Bc4 23. Rd2 Kh8 24. Ne4 Bd5 {[%emt 0:02:11] [#]} 25. Ng5 $146 ({Predecessor:} 25. Qf4 f5 26. exf6 Qxf4 27. fxg7+ Kxg7 28. exf4 Bxe4 29. Bxe4 {½-½ (31) Arnold,K (2279)-Tritt,M (2109) ICCF email 2018}) 25... Bxg5 26. Qxg5 Bxg2 27. Qxg2 c5 28. Rdc2 Qd7 29. Qe4 cxd4 30. Rxc8 Rxc8 31. Rxc8+ Qxc8 32. Qxd4 $11 {[%emt 0:00:14][%mdl 4096] Endgame KQ-KQ} Qc1+ 33. Kg2 {[%emt 0:00:01][%cal Rd4d8] [#]} Qc6+ 34. Kg3 {[%emt 0:00:12] Intending Qd8+ and mate.} h5 35. Qd8+ Kh7 36. Qg5 g6 37. Qe7 Kg7 38. Qf6+ Kg8 39. Qd8+ Kg7 40. Qf6+ Kg8 41. Qd8+ Kg7 42. Qf6+ Kg8 43. Qd8+ Kg7 {[%emt 0:00:01] A balanced but interesting game.  Weighted Error Value: White=0.00 (flawless) /Black=0.00 (flawless)} 1/2-1/2

[Event "Chinese League Div-A Rapid 2022"]
[Site "Fuling,Chongqing"]
[Date "2022.09.18"]
[Round "10.16"]
[White "Zhang, Pengxiang"]
[Black "Xu, Yinglun"]
[Result "1-0"]
[ECO "C11"]
[WhiteElo "2564"]
[BlackElo "2549"]
[Annotator "ChessBase"]
[PlyCount "63"]
[EventDate "2022.09.07"]
[EventType "team-tourn"]
[EventCountry "CHN"]
[SourceTitle "playchess.com"]
[Source "ChessBase"]
[SourceQuality "1"]
[TimeControl "1500+10"]

1. e4 e6 2. d4 d5 3. Nc3 Nf6 4. e5 Nfd7 5. f4 c5 6. Nf3 Nc6 7. Be3 cxd4 8. Nxd4 Qb6 9. a3 Bc5 10. Ncb5 Nxd4 11. Bxd4 Bxd4 12. Qxd4 Qxd4 13. Nxd4 Ke7 14. Bd3 f6 15. exf6+ gxf6 16. O-O-O Nb6 17. Rhe1 Kf7 18. Re2 Bd7 19. Rde1 Rae8 20. Bb5 e5 21. fxe5 fxe5 22. Rxe5 Rxe5 23. Rxe5 Kf6 24. Re3 Nc4 25. Rf3+ Ke5 26. c3 Bg4 27. Bxc4 dxc4 28. Rf7 Bc8 29. Rc7 Kd5 30. Ne2 Re8 31. Nf4+ Kd6 32. Rxc4 1-0

[Event "Chinese League Div-A Rapid 2022"]
[Site "Fuling,Chongqing"]
[Date "2022.09.18"]
[Round "10.17"]
[White "Nie, Xinyang"]
[Black "Xue, Haowen"]
[Result "0-1"]
[ECO "E48"]
[WhiteElo "2388"]
[BlackElo "2128"]
[Annotator "ChessBase"]
[PlyCount "98"]
[EventDate "2022.09.07"]
[EventType "team-tourn"]
[EventCountry "CHN"]
[SourceTitle "playchess.com"]
[Source "ChessBase"]
[SourceQuality "1"]
[TimeControl "1500+10"]

1. d4 Nf6 2. c4 e6 3. Nc3 Bb4 4. e3 O-O 5. Bd3 d5 6. Nge2 b6 7. cxd5 exd5 8. a3 Bd6 9. b4 Re8 10. Bb2 Bb7 11. Ng3 Nbd7 12. Rc1 a6 13. O-O g6 14. b5 c6 15. bxc6 Bxc6 16. Qe2 Bb7 17. a4 Qe7 18. Nb1 h5 19. Rfd1 h4 20. Nf1 h3 21. g3 Nb8 22. Nc3 Nc6 23. f3 Nb4 24. Bb1 Rac8 25. Qf2 Bc6 26. Bc2 Nxc2 27. Qxc2 b5 28. axb5 axb5 29. Qd3 Qd7 30. Nb1 b4 31. Nbd2 Bb5 32. Qb1 Bf8 33. Rxc8 Qxc8 34. Rc1 Qa6 35. Qa1 Bxf1 36. Rxf1 Qd3 37. Rf2 Rxe3 38. Qf1 Bh6 39. Qxd3 Rxd3 40. Nf1 Ne8 41. Re2 Nd6 42. f4 Nc4 43. Bc1 Bg7 44. Re8+ Kh7 45. Kf2 Rd1 46. Be3 b3 47. Ke2 b2 48. Kxd1 b1=Q+ 49. Ke2 Qb5 0-1

[Event "Chinese League Div-A Rapid 2022"]
[Site "Fuling,Chongqing"]
[Date "2022.09.18"]
[Round "10.18"]
[White "Peng, Xiongjian"]
[Black "Wen, Yang"]
[Result "1-0"]
[ECO "C65"]
[WhiteElo "2454"]
[BlackElo "2588"]
[Annotator "ChessBase"]
[PlyCount "103"]
[EventDate "2022.09.07"]
[EventType "team-tourn"]
[EventCountry "CHN"]
[SourceTitle "playchess.com"]
[Source "ChessBase"]
[SourceQuality "1"]
[TimeControl "1500+10"]

1. e4 e5 2. Nf3 Nc6 3. Bb5 Nf6 4. d3 Bc5 5. Nbd2 d6 6. c3 Bd7 7. b4 Bb6 8. Nc4 Ne7 9. Bxd7+ Qxd7 10. a4 c6 11. Bg5 Qe6 12. Nxb6 axb6 13. O-O O-O 14. Bxf6 Qxf6 15. Qe2 Ng6 16. Qe3 Qd8 17. d4 Re8 18. Rfd1 exd4 19. Qxd4 Nf4 20. Kf1 Qc8 21. h3 Qe6 22. Re1 Qg6 23. g3 Qh5 24. Nh4 Ng6 25. Nxg6 Qxh3+ 26. Kg1 hxg6 27. Qxd6 Re6 28. Qd7 g5 29. Rad1 g4 30. Rd6 Rae8 31. e5 Qh5 32. Rxe6 Rxe6 33. Qd8+ Kh7 34. Qd3+ Kg8 35. Qd8+ Kh7 36. Qd3+ Kg8 37. Re4 Rh6 38. Kf1 Qh1+ 39. Ke2 Re6 40. Re3 c5 41. Qd8+ Kh7 42. b5 g6 43. Qf8 Qd5 44. Qxf7+ Kh8 45. Qf8+ Kh7 46. Qf7+ Kh8 47. Qf4 Qa2+ 48. Kf1 Qb1+ 49. Re1 Qf5 50. Qh6+ Kg8 51. Rd1 Re8 52. Rd6 1-0

[Event "Chinese League Div-A Rapid 2022"]
[Site "Fuling,Chongqing"]
[Date "2022.09.18"]
[Round "10.19"]
[White "Li, Xueyi"]
[Black "Zhang, Xiaowen"]
[Result "1-0"]
[ECO "A46"]
[WhiteElo "2280"]
[BlackElo "2307"]
[Annotator "ChessBase"]
[PlyCount "85"]
[EventDate "2022.09.07"]
[EventType "team-tourn"]
[EventCountry "CHN"]
[SourceTitle "playchess.com"]
[Source "ChessBase"]
[SourceQuality "1"]
[TimeControl "1500+10"]

1. d4 d5 2. Nf3 Nf6 3. g3 e6 4. Bg2 b5 5. a4 b4 6. O-O Be7 7. c3 bxc3 8. Nxc3 O-O 9. Bf4 a5 10. Rc1 c6 11. Ne5 Ba6 12. Re1 Nfd7 13. Nd3 Ra7 14. e4 Rb7 15. Rb1 Re8 16. h4 h6 17. Be3 Bf6 18. e5 Be7 19. Nf4 c5 20. Nh5 cxd4 21. Bxh6 g6 22. Nxd5 exd5 23. Nf4 Nc6 24. e6 Nf6 25. exf7+ Kxf7 26. Bh3 Bb4 27. Qc2 Rxe1+ 28. Rxe1 Bxe1 29. Qxg6+ Ke7 30. Bg5 Qf8 31. Bxf6+ Qxf6 32. Nxd5+ Kd6 33. Nxf6 Rxb2 34. Ne8+ Kc5 35. Qd6+ Kb6 36. Bg2 Bxf2+ 37. Kh2 Bb7 38. Nf6 Rb3 39. Ne4 Be3 40. Qc5+ Kc7 41. Nd6 Bf2 42. Nb5+ Kb8 43. Qf8+ 1-0

[Event "Chinese League Div-A Rapid 2022"]
[Site "Fuling,Chongqing"]
[Date "2022.09.18"]
[Round "10.20"]
[White "Song, Yuxin"]
[Black "Zhang, Lanlin"]
[Result "1-0"]
[ECO "B55"]
[WhiteElo "2317"]
[BlackElo "2135"]
[Annotator "ChessBase"]
[PlyCount "93"]
[EventDate "2022.09.07"]
[EventType "team-tourn"]
[EventCountry "CHN"]
[SourceTitle "playchess.com"]
[Source "ChessBase"]
[SourceQuality "1"]
[TimeControl "1500+10"]

1. e4 c5 2. Nf3 d6 3. d4 cxd4 4. Nxd4 Nf6 5. f3 e5 6. Nb3 h5 7. c4 Be6 8. Nc3 Nbd7 9. Be3 a6 10. Qd2 g6 11. Nd5 Bxd5 12. cxd5 Bg7 13. Na5 Rb8 14. Ba7 Ra8 15. Be3 Rb8 16. Rc1 O-O 17. b4 Nb6 18. Be2 Ne8 19. O-O Kh7 20. Bd1 Kg8 21. Be2 Kh7 22. Rc2 Kg8 23. Rfc1 Kh8 24. Bd3 Kh7 25. Qf2 Nd7 26. Ba7 Bh6 27. Re1 Ng7 28. Bxb8 Qxb8 29. Nc4 f5 30. a4 Nf6 31. Qb6 fxe4 32. Bxe4 Nxe4 33. fxe4 Rd8 34. Rf1 Rd7 35. g3 Qc8 36. Qf2 Qe8 37. Nb6 Rd8 38. Rc7 Rb8 39. Nd7 Qd8 40. Nf6+ Kh8 41. Rf7 Rc8 42. Nd7 Kh7 43. Nf8+ Kg8 44. Nxg6 Kh7 45. Ne7 Rc3 46. Qf6 Be3+ 47. Kh1 1-0

[Event "Chinese League Div-A Rapid 2022"]
[Site "Fuling,Chongqing"]
[Date "2022.09.18"]
[Round "10.21"]
[White "Ma, Qun"]
[Black "Li, Chao b"]
[Result "1/2-1/2"]
[ECO "C42"]
[WhiteElo "2666"]
[BlackElo "2679"]
[Annotator "ChessBase"]
[PlyCount "53"]
[EventDate "2022.09.07"]
[EventType "team-tourn"]
[EventCountry "CHN"]
[SourceTitle "playchess.com"]
[Source "ChessBase"]
[SourceQuality "1"]
[TimeControl "1500+10"]

1. e4 e5 2. Nf3 Nf6 3. Nxe5 d6 4. Nf3 Nxe4 5. Nc3 Nxc3 6. dxc3 Nc6 7. Be3 Be6 8. Qd2 Be7 9. O-O-O Qd7 10. Kb1 a6 11. Ng5 Bxg5 12. Bxg5 f6 13. Bf4 O-O-O 14. Be2 h5 15. h4 Rde8 16. Rhe1 Bg4 17. f3 Bf5 18. Bf1 Rxe1 19. Rxe1 Re8 20. Rxe8+ Qxe8 21. b3 Bg6 22. Kb2 Bf5 23. Bg3 Qg6 24. Bf4 Qe8 25. Bg3 Qg6 26. Bf4 Qe8 27. Bg3 1/2-1/2

[Event "Chinese League Div-A Rapid 2022"]
[Site "Fuling,Chongqing"]
[Date "2022.09.18"]
[Round "10.22"]
[White "Xiang, Zeyu"]
[Black "Li, Haoyu"]
[Result "1/2-1/2"]
[ECO "D14"]
[WhiteElo "2434"]
[BlackElo "2369"]
[Annotator "ChessBase"]
[PlyCount "33"]
[EventDate "2022.09.07"]
[EventType "team-tourn"]
[EventCountry "CHN"]
[SourceTitle "playchess.com"]
[Source "ChessBase"]
[SourceQuality "1"]
[TimeControl "1500+10"]

1. d4 d5 2. c4 c6 3. cxd5 cxd5 4. Nf3 Nf6 5. Nc3 Nc6 6. Bf4 Bf5 7. e3 e6 8. Bd3 Bxd3 9. Qxd3 Bd6 10. Bxd6 Qxd6 11. O-O O-O 12. Nb5 Qe7 13. Nc3 Qd6 14. Nb5 Qe7 15. Nc3 Qd6 16. Nb5 Qe7 17. Nc3 1/2-1/2

[Event "Chinese League Div-A Rapid 2022"]
[Site "Fuling,Chongqing"]
[Date "2022.09.18"]
[Round "10.23"]
[White "Xu, Zhihang"]
[Black "Zhang, Di"]
[Result "1/2-1/2"]
[ECO "D94"]
[WhiteElo "2489"]
[BlackElo "2108"]
[Annotator "ChessBase"]
[PlyCount "57"]
[EventDate "2022.09.07"]
[EventType "team-tourn"]
[EventCountry "CHN"]
[SourceTitle "playchess.com"]
[Source "ChessBase"]
[SourceQuality "1"]
[TimeControl "1500+10"]

1. d4 d5 2. c4 c6 3. Nf3 Nf6 4. e3 g6 5. Nc3 Bg7 6. Be2 O-O 7. O-O dxc4 8. Bxc4 Bg4 9. h3 Bxf3 10. Qxf3 Nbd7 11. a4 e5 12. a5 b5 13. axb6 Nxb6 14. dxe5 Nxc4 15. exf6 Qxf6 16. Qxf6 Bxf6 17. Ra6 Rfc8 18. Rd1 Kg7 19. Kf1 Rd8 20. Rxd8 Rxd8 21. Ke2 Rd7 22. b3 Nb6 23. Ne4 Be7 24. Bb2+ f6 25. Bd4 Bd8 26. Nc5 Re7 27. Na4 Rb7 28. Nc5 Re7 29. Na4 1/2-1/2

[Event "Chinese League Div-A Rapid 2022"]
[Site "Fuling,Chongqing"]
[Date "2022.09.18"]
[Round "10.24"]
[White "Wang, Yu A."]
[Black "Zhai, Mo"]
[Result "1/2-1/2"]
[ECO "C47"]
[WhiteElo "2271"]
[BlackElo "2374"]
[Annotator "ChessBase"]
[PlyCount "48"]
[EventDate "2022.09.07"]
[EventType "team-tourn"]
[EventCountry "CHN"]
[SourceTitle "playchess.com"]
[Source "ChessBase"]
[SourceQuality "1"]
[TimeControl "1500+10"]

1. e4 e5 2. Nf3 Nc6 3. Nc3 Nf6 4. d4 exd4 5. Nxd4 Bb4 6. Nxc6 bxc6 7. Bd3 O-O 8. O-O d5 9. exd5 cxd5 10. Bg5 c6 11. Qf3 Bd6 12. Bxf6 Qxf6 13. Qxf6 gxf6 14. Ne2 a5 15. Nd4 c5 16. Nf5 Bxf5 17. Bxf5 Rab8 18. b3 Rfe8 19. Rfe1 h6 20. h3 Kf8 21. Kf1 Rxe1+ 22. Rxe1 Re8 23. Rxe8+ Kxe8 24. Ke2 Ke7 1/2-1/2

[Event "Chinese League Div-A Rapid 2022"]
[Site "Fuling,Chongqing"]
[Date "2022.09.18"]
[Round "10.25"]
[White "Guo, Weibao"]
[Black "Yan, Tianqi"]
[Result "1/2-1/2"]
[ECO "D30"]
[WhiteElo "1907"]
[BlackElo "2188"]
[Annotator "TA"]
[PlyCount "57"]
[EventDate "2022.09.07"]
[EventType "team-tourn"]
[EventCountry "CHN"]
[SourceTitle "playchess.com"]
[Source "ChessBase"]
[SourceQuality "1"]
[TimeControl "1500+10"]

1. d4 Nf6 2. c4 e6 3. Nf3 d5 4. e3 c5 5. cxd5 Nxd5 6. e4 {[%emt 0:00:40] D30: Queen's Gambit Declined: Systems without Nc3.} Nf6 7. Nc3 cxd4 8. Qxd4 {[%emt 0:00:03] White has an edge.} Qxd4 9. Nxd4 {[%emt 0:00:01] [#]} Bd7 $146 ({Predecessor:} 9... a6 10. f3 Bb4 11. Be3 Bd7 12. O-O-O Nc6 13. Nc2 Be7 14. Be2 Rc8 15. Kb1 Nb4 {1-0 (54) Andreikin,D (2724)-Martinez Alcantara,J (2620) Chess.com INT 2021}) 10. Be3 (10. e5 $14 Nd5 11. Nxd5 exd5 12. Nb5) 10... Nc6 (10... Ng4 $1 $11) 11. Nxc6 Bxc6 12. f3 Nd7 13. Be2 Bc5 14. Bxc5 Nxc5 15. Kf2 Ke7 16. Rhd1 Rhd8 17. Rac1 Rxd1 18. Rxd1 Na4 19. Nxa4 Bxa4 $11 {[%emt 0:00:03][%mdl 4096] Endgame KRB-KRB} 20. b3 Bd7 21. Rc1 Kd6 {[%emt 0:00:32] Inhibits Rc7.} 22. Ke3 f6 {[%emt 0:00:18] The position is equal.} 23. h4 Bc6 24. Rd1+ Ke7 25. g3 Rc8 26. Rc1 Rd8 27. Rd1 Rc8 28. Rc1 Rd8 29. Rd1 {[%emt 0:00:02] An even fight not without its subleties.  Weighted Error Value: White=0.10 (very precise) /Black=0.07 (flawless)} 1/2-1/2

[Event "Chinese League Div-A Rapid 2022"]
[Site "Fuling,Chongqing"]
[Date "2022.09.18"]
[Round "10.26"]
[White "Zeng, Chongsheng"]
[Black "Pang, Tao"]
[Result "1-0"]
[ECO "D35"]
[WhiteElo "2597"]
[BlackElo "2427"]
[Annotator "ChessBase"]
[PlyCount "103"]
[EventDate "2022.09.07"]
[EventType "team-tourn"]
[EventCountry "CHN"]
[SourceTitle "playchess.com"]
[Source "ChessBase"]
[SourceQuality "1"]
[TimeControl "1500+10"]

1. c4 e6 2. d4 d5 3. Nc3 Nf6 4. cxd5 exd5 5. Bg5 c6 6. e3 Bf5 7. Qf3 Bg6 8. Bxf6 Qxf6 9. Qxf6 gxf6 10. Nf3 Nd7 11. Nh4 Be7 12. Ne2 f5 13. Nf3 Bb4+ 14. Kd1 Nf6 15. Ne5 Ne4 16. Nd3 Be7 17. Nef4 Bg5 18. Ke1 a5 19. Rc1 Ke7 20. Ne2 f6 21. Nef4 Nd6 22. Be2 Be8 23. h4 Bh6 24. f3 Bd7 25. Kf2 Rhe8 26. Nc5 b6 27. Na4 Rab8 28. b3 Kf8 29. g3 Bxf4 30. exf4 Re7 31. h5 h6 32. Bd3 Be8 33. Rc2 b5 34. Nc5 Ra8 35. Re2 Rxe2+ 36. Kxe2 Ra7 37. g4 fxg4 38. fxg4 Re7+ 39. Kf3 Nb7 40. Nxb7 Rxb7 41. g5 fxg5 42. fxg5 Rf7+ 43. Kg3 Rg7 44. g6 Re7 45. Kf4 Kg7 46. a4 b4 47. Rc1 Kf6 48. Rc5 Ra7 49. Bf5 Ra8 50. Rc2 Ra7 51. Re2 Bd7 52. g7 1-0

[Event "Chinese League Div-A Rapid 2022"]
[Site "Fuling,Chongqing"]
[Date "2022.09.18"]
[Round "10.27"]
[White "Bu, Xiangzhi"]
[Black "Wang, Hao B"]
[Result "1-0"]
[ECO "D70"]
[WhiteElo "2709"]
[BlackElo "2165"]
[Annotator "ChessBase"]
[PlyCount "55"]
[EventDate "2022.09.07"]
[EventType "team-tourn"]
[EventCountry "CHN"]
[SourceTitle "playchess.com"]
[Source "ChessBase"]
[SourceQuality "1"]
[TimeControl "1500+10"]

1. Nf3 Nf6 2. c4 d5 3. cxd5 Nxd5 4. d4 g6 5. e4 Nb6 6. Nc3 Bg7 7. h3 O-O 8. Be2 Nc6 9. Be3 Na5 10. O-O Nac4 11. Bc1 c6 12. a4 e5 13. d5 a5 14. dxc6 bxc6 15. b3 Nd6 16. Ba3 Nb7 17. Bxf8 Qxf8 18. Qc2 Nc5 19. Nb1 f5 20. Nbd2 Bd7 21. Rac1 Ne6 22. Nc4 Rb8 23. Ncxe5 fxe4 24. Nxd7 Nxd7 25. Bc4 Ndc5 26. Ng5 Qf5 27. Nxe6 Nxe6 28. g4 1-0

[Event "Chinese League Div-A Rapid 2022"]
[Site "Fuling,Chongqing"]
[Date "2022.09.18"]
[Round "10.28"]
[White "Wang, Chen"]
[Black "Ma, Zhonghan"]
[Result "0-1"]
[ECO "B51"]
[WhiteElo "2476"]
[BlackElo "2485"]
[Annotator "ChessBase"]
[PlyCount "80"]
[EventDate "2022.09.07"]
[EventType "team-tourn"]
[EventCountry "CHN"]
[SourceTitle "playchess.com"]
[Source "ChessBase"]
[SourceQuality "1"]
[TimeControl "1500+10"]

1. e4 c5 2. Nf3 d6 3. Bb5+ Nd7 4. O-O a6 5. Bxd7+ Bxd7 6. Re1 Nf6 7. c3 Bc6 8. d4 Bxe4 9. Bg5 Bd5 10. c4 Bxc4 11. Nc3 h6 12. Bxf6 gxf6 13. d5 Bb5 14. Nh4 Qc7 15. Qh5 Bd3 16. Re3 c4 17. Ne4 Bxe4 18. Rxe4 Rg8 19. Nf5 Rg5 20. Qf3 Qd7 21. g4 h5 22. h3 hxg4 23. hxg4 O-O-O 24. Rae1 Kb8 25. Qf4 Rc8 26. f3 Qb5 27. Qd2 Qc5+ 28. Kg2 e6 29. dxe6 fxe6 30. Nd4 Rd5 31. Qc3 e5 32. Ne6 Qc6 33. Nxf8 Rd3 34. Qc2 d5 35. R4e3 Rxe3 36. Rxe3 Rxf8 37. Qf5 Qc8 38. Qh7 d4 39. Re2 d3 40. Re1 Qc5 0-1

[Event "Chinese League Div-A Rapid 2022"]
[Site "Fuling,Chongqing"]
[Date "2022.09.18"]
[Round "10.29"]
[White "Shao, Qiyu"]
[Black "Yeoh, Li Tian"]
[Result "1-0"]
[ECO "A21"]
[WhiteElo "1467"]
[BlackElo "2530"]
[Annotator "ChessBase"]
[PlyCount "81"]
[EventDate "2022.09.07"]
[EventType "team-tourn"]
[EventCountry "CHN"]
[SourceTitle "playchess.com"]
[Source "ChessBase"]
[SourceQuality "1"]
[TimeControl "1500+10"]

1. c4 e5 2. Nc3 Bb4 3. Nd5 Bc5 4. e3 c6 5. Nc3 Qe7 6. Nge2 d6 7. Na4 Bb4 8. a3 Ba5 9. b4 Bc7 10. Bb2 Be6 11. Rc1 Nf6 12. g3 Qd7 13. d4 O-O 14. dxe5 dxe5 15. Qxd7 Nbxd7 16. Bg2 Rab8 17. O-O Rfc8 18. h3 b5 19. cxb5 cxb5 20. Nac3 Bc4 21. Rfe1 Nb6 22. f4 a6 23. Ne4 Nfd7 24. N2c3 f5 25. Nc5 Nxc5 26. bxc5 Nd7 27. Nd5 Kf7 28. Nxc7 Rxc7 29. c6 Nc5 30. Bxe5 Rbc8 31. Bxc7 Rxc7 32. Red1 Ke7 33. Bd5 Nb3 34. Rc3 Na5 35. a4 g6 36. axb5 axb5 37. Bxc4 Nxc4 38. Rb1 Nd6 39. Rc5 Kd8 40. Rd1 Ke7 41. Re5+ 1-0

[Event "Chinese League Div-A Rapid 2022"]
[Site "Fuling,Chongqing"]
[Date "2022.09.18"]
[Round "10.30"]
[White "Sun, Fanghui"]
[Black "Wang, Chuqiao"]
[Result "1/2-1/2"]
[ECO "C48"]
[WhiteElo "2182"]
[BlackElo "2037"]
[Annotator "TA"]
[PlyCount "84"]
[EventDate "2022.09.07"]
[EventType "team-tourn"]
[EventCountry "CHN"]
[SourceTitle "playchess.com"]
[Source "ChessBase"]
[SourceQuality "1"]
[TimeControl "1500+10"]

1. e4 e5 2. Nf3 Nc6 3. Bb5 Nf6 4. d3 Bc5 5. Nc3 O-O 6. Bg5 {[%emt 0:00:48][%cal Bc1g5,Bg5h4,Bh4f6][%mdl 32] C48: Four Knights: 4 Bb5, replies other than 4...Bb4.} h6 7. Bh4 Re8 8. Qd2 {[%emt 0:01:09] [#]} a6 $146 ({Predecessor:} 8... Nd4 9. Bc4 c6 10. O-O-O b5 11. Bb3 a5 12. a4 Bb4 13. Qe3 Nxb3+ 14. cxb3 bxa4 15. Nxa4 {0-1 (30) Kulon,K (2357)-Zawadzka,J (2427) Warsaw 2019}) 9. Bc4 Na5 (9... Be7 $11) 10. Bxf6 $16 Nxc4 11. Bxd8 Nxd2 12. Bxc7 ({Don't play} 12. Kxd2 Rxd8 13. Nxe5 d6 $11) 12... Nxf3+ 13. gxf3 d6 14. Na4 Bh3 15. Nxc5 dxc5 16. Rg1 {[%emt 0:00:34] Against Bg2} a5 17. f4 exf4 18. Bxf4 Kh7 19. Rg3 Bd7 20. O-O-O Rac8 21. Rdg1 {[%emt 0:00:45] White is more active.} g6 22. Bd2 a4 23. a3 c4 24. Bc3 cxd3 25. cxd3 Rc5 26. f3 Rec8 27. Kd2 Rh5 28. R1g2 Rh4 29. d4 Rf4 30. Ke3 Rf6 (30... g5 $16 31. d5 Rh4) 31. d5 $18 Rb6 32. h4 h5 33. Rg5 Rb3 34. Re5 b5 35. Re7 b4 36. axb4 ({Less strong is} 36. Rxd7 bxc3 37. bxc3 (37. Rxf7+ $2 Kg8 $19) 37... Rcxc3+ 38. Kd4 Rd3+ 39. Kc5 Rdc3+ 40. Kd4 Rd3+ 41. Ke5 Rxf3 $16) 36... a3 (36... Be8 $142 37. Kf4 a3) 37. Rxf7+ Kg8 38. Rg7+ Kf8 {[%emt 0:00:02] [#] aiming for ...axb2.} 39. R2xg6 $2 (39. Rxd7 $18 axb2 {[#]} 40. Rxb2 $1 Rcxc3+ 41. Kd2) 39... axb2 $11 {[%emt 0:00:24] The position is equal.} 40. Rg8+ Ke7 {[%emt 0:00:03] And now ...Rxg8 would win.} 41. d6+ Kf7 42. R8g7+ Kf8 {[%emt 0:00:16] Weighted Error Value: White=0.28 (precise) /Black=0.31} 1/2-1/2

[Event "Chinese League Div-A Rapid 2022"]
[Site "Fuling,Chongqing"]
[Date "2022.09.19"]
[Round "11.1"]
[White "Zhang, Zhong"]
[Black "Liu, Yan"]
[Result "1/2-1/2"]
[ECO "D79"]
[WhiteElo "2617"]
[BlackElo "2530"]
[Annotator "TA"]
[PlyCount "41"]
[EventDate "2022.09.07"]
[EventType "team-tourn"]
[EventCountry "CHN"]
[SourceTitle "playchess.com"]
[Source "ChessBase"]
[SourceQuality "1"]
[TimeControl "1500+10"]

1. g3 Nf6 2. Bg2 g6 3. d4 c5 4. Nf3 Bg7 5. c3 cxd4 6. cxd4 d5 7. Nc3 O-O 8. O-O Ne4 9. Ng5 Nf6 10. Nf3 Ne4 11. Ne5 Nxc3 12. bxc3 Nc6 13. Nxc6 bxc6 14. Ba3 {[%emt 0:04:17] D79: Fianchetto Grünfeld: Symmetrical Variation (6 0-0 c6 7 cxd5 cxd5).} Ba6 15. Re1 Re8 16. e4 e6 17. h4 {[%emt 0:02:27] [#]} dxe4 $5 $146 {[%emt 0:02:53][%mdl 8] An interesting novelty.} ({Predecessor:} 17... Bf8 18. Bxf8 Rxf8 19. Qa4 Bb5 20. Qa3 Re8 21. Rab1 Bd3 22. Rb7 Qc8 23. Rxa7 dxe4 24. Bxe4 Bxe4 25. Rxe4 Qb7 26. Rxb7 Rxa3 {1-0 (50) Karpov,A (2619)-Nyback,T (2586) Puhajarve 2013}) 18. Bxe4 Qd7 19. Bc5 Bc4 20. Qa4 Bd5 21. Rab1 {[%emt 0:01:40] A rather calm draw.  Weighted Error Value: White=0.07 (flawless) /Black=0.06 (flawless)} 1/2-1/2

[Event "Chinese League Div-A Rapid 2022"]
[Site "Fuling,Chongqing"]
[Date "2022.09.19"]
[Round "11.2"]
[White "Xu, Yi"]
[Black "Bu, Xiangzhi"]
[Result "1/2-1/2"]
[ECO "B31"]
[WhiteElo "2507"]
[BlackElo "2709"]
[Annotator "TA"]
[PlyCount "41"]
[EventDate "2022.09.07"]
[EventType "team-tourn"]
[EventCountry "CHN"]
[SourceTitle "playchess.com"]
[Source "ChessBase"]
[SourceQuality "1"]
[TimeControl "1500+10"]

1. e4 c5 2. Nf3 Nc6 3. Bb5 g6 4. O-O Bg7 5. c3 Nf6 6. Re1 O-O 7. d4 d5 8. e5 Ne4 9. Bxc6 bxc6 10. Be3 $1 {[%emt 0:00:03][%mdl 4] now scores much better than the old 10.Nbd2. B31: Sicilian: 2...Nc6 3 Bb5 g6.} Rb8 11. Qc1 cxd4 12. cxd4 {[%emt 0:00:11] The position is equal.} f6 13. exf6 exf6 14. Nbd2 {[%emt 0:01:01] [#]} Re8 $146 ({Predecessor:} 14... Bf5 15. Qxc6 Rxb2 16. Nb3 Ng5 17. Nxg5 fxg5 18. Rec1 Qf6 19. Qxd5+ Qe6 20. Qxe6+ Bxe6 {½-½ (43) Perez Gormaz,M (2413)-Kotronias,V (2517) Banja Vrujci 2021}) 15. Qxc6 Bf5 (15... Rxb2 {looks sharper.} 16. Nb3 Bf8 17. Nfd2 Nxd2 18. Bxd2 Rxe1+ 19. Rxe1 Qd7) 16. Nb3 {[%emt 0:01:16] White is slightly better.} Qd7 17. Qxd7 Bxd7 18. Nfd2 f5 19. f3 Nxd2 20. Bxd2 Rxe1+ 21. Rxe1 {[%emt 0:00:23] Weighted Error Value: White=0.02 (flawless) /Black=0.09 (flawless)} 1/2-1/2